 Dungeon Crawl Stone Soup version 0.29.1-12-g30fa7ad0bf (webtiles) character file.

Game seed: 15132400828110780763

96089 112233 the Eclecticist (level 15, -18/119 HPs)
             Began as a Mummy Necromancer on Dec 18, 2022.
             Was an Initiate of Gozag.
             Killed from afar by a deep elf zephyrmancer (30 damage)
             ... with a bolt of lightning
             ... on level 1 of the Elven Halls.
             The game lasted 00:43:58 (35547 turns).

112233 the Eclecticist (Mummy Necromancer)         Turns: 35547, Time: 00:43:58

Health: -18/119    AC: 11    Str: 12    XL:     15   Next: 68%
Magic:  48/53      EV: 16    Int: 21    God:    Gozag
Gold:   88         SH:  5    Dex: 13    Spells: 30/47 levels left

rFire   x . .      SeeInvis +   V - staff of death
rCold   + . .      Faith    .   (no shield)
rNeg    + + +      Spirit   .   q - +2 robe {Archmagi}
rPois   ∞          Reflect  +   F - +0 helmet of Absolutism {MP+9 SInv}
rElec   .          Harm     .   s - +0 cloak
rCorr   .          Rampage  .   j - +0 pair of gloves
Will    +....      Archmagi +   (no boots)
Stlth   ++........              d - amulet of reflection
HPRegen 0.29/turn               m - +4 ring of protection
MPRegen 0.33/turn               f - ring of magical power

@: no status effects
A: cold resistance 1, negative energy resistance 3, torment resistance 2, heat
vulnerability 1, in touch with death 2, no potions
a: Renounce Religion, Potion Petition, Call Merchant, Bribe Branch


You were on level 1 of the Elven Halls.
You worshipped Gozag.
Gozag was noncommittal.
You visited 7 branches of the dungeon, and saw 27 of its levels.
You also visited: Gauntlet.

You collected 7223 gold pieces.
You spent 2198 gold pieces at shops.
You paid 4937 gold pieces to Gozag.

Inventory:

Hand Weapons
 l - the +6 quarterstaff of the Hurting Asp {vorpal, *Corrode rN+ Int+2}
   (You found it on level 3 of the Dungeon)

   It inflicts extra damage upon your enemies.
   Int:       It affects your intelligence (+2).
   rN:        It protects you from negative energy.
   *Corrode:  It may corrode you when you take damage.
 K - a +0 lajatang
Missiles
 e - 7 throwing nets
Armour
 j - a +0 pair of gloves (worn)
 q - a +2 robe of the Archmagi (worn)
 s - a +0 cloak (worn)
 F - the +0 helmet of Absolutism (worn) {MP+9 SInv}
   (You found it in a Gauntlet)

   MP:        It affects your magic capacity (+9).
   SInv:      It lets you see invisible.
 N - a +2 buckler
 O - a +1 robe of resistance
 P - the +1 robe of Autumn {rC++ rCorr}
   (You found it on level 12 of the Dungeon)

   rC:        It greatly protects you from cold.
   rCorr:     It protects you from acid and corrosion.
 S - the +0 pair of fencer's gloves {Riposte Dex+3}
   (You acquired it on level 5 of the Lair of Beasts)

   It allows the wearer to riposte with melee weapons, swiftly retaliating
   against missed or blocked melee attacks.
   Dex:       It affects your dexterity (+3).
Magical Staves
 o - a staff of conjuration
 E - a staff of air
 G - a staff of earth
 I - a staff of fire
 J - a staff of earth
 V - a staff of death (weapon)
Jewellery
 d - an amulet of reflection (around neck)
 f - a ring of magical power (right hand)
 g - a +6 ring of dexterity
 h - a ring of resist corrosion
 k - a +6 ring of dexterity
 m - a +4 ring of protection (left hand)
 t - a ring of flight
 A - an amulet of regeneration
 B - a ring of see invisible
Wands
 v - a wand of polymorph (20)
 w - a wand of flame (63) (quivered)
 x - a wand of iceblast (2)
 C - a wand of digging (3)
Scrolls
 a - a scroll of silence
 b - 3 scrolls of immolation
 c - 8 scrolls of identify
 i - 3 scrolls of magic mapping
 n - 7 scrolls of noise
 p - 3 scrolls of fear
 r - 5 scrolls of enchant weapon
 u - 7 scrolls of amnesia
 y - 3 scrolls of teleportation
 z - 2 scrolls of brand weapon
 D - a scroll of butterflies
 L - 2 scrolls of vulnerability
 Q - a scroll of enchant armour {unknown}
 T - 4 scrolls of poison
 U - a scroll of torment
Miscellaneous
 H - a box of beasts (inert)
 M - a phantom mirror (inert)
 R - a tin of tremorstones (2/2)


   Skills:
 + Level 11.6 Fighting
 + Level 7.9 Staves
 + Level 10.1 Dodging
 - Level 1.6 Stealth
 + Level 1.0 Shields
 + Level 16.8 Spellcasting
 * Level 16.8 Necromancy
 + Level 1.2 Evocations


You had 30 spell levels left.
You knew the following spells:

 Your Spells              Type           Power      Damage    Failure   Level
a - Necrotise             Necr           100%       1d9       0%          1
b - Vampiric Draining     Necr           100%       2d13      0%          3
c - Dispel Undead         Necr           100%       3d31      1%          4
d - Passwall              Tmut/Erth      21%        N/A       4%          2
e - Agony                 Necr           100%       N/A       1%          5
f - Blink                 Tloc           52%        N/A       4%          2

Your spell library contained the following spells:

 Spells                   Type           Power      Damage    Failure   Level
 Foxfire                  Conj/Fire      100%       2x1d9     3%          1
 Sting                    Tmut/Pois      100%       1d8       3%          1
 Ensorcelled Hibernation  Hex/Ice        52%        N/A       4%          2
 Poisonous Vapours        Pois/Air       52%        N/A       4%          2
 Static Discharge         Conj/Air       26%        3-7/arc   4%          2
 Confusing Touch          Hex            26%        N/A       10%         3
 Conjure Flame            Conj/Fire      26%        6-21      10%         3
 Gell's Gravitas          Tloc           26%        N/A       10%         3
 Inner Flame              Hex/Fire       26%        N/A       10%         3
 Lesser Beckoning         Tloc           26%        N/A       10%         3
 Stone Arrow              Conj/Erth      52%        3d10      10%         3
 Swiftness                Air            26%        N/A       10%         3
 Teleport Other           Tloc           26%        N/A       10%         3
 Animate Armour           Summ/Erth      52%        N/A       32%         4
 Flame Wave               Conj/Fire      26%        2d8       32%         4
 Olgreb's Toxic Radiance  Pois           26%        N/A       32%         4
 Petrify                  Tmut/Erth      26%        N/A       32%         4
 Sticky Flame             Conj/Fire      26%        2d5       32%         4
 Fireball                 Conj/Fire      13%        3d7       65%         5
 Irradiate                Conj/Tmut      13%        3d16      65%         5
 Manifold Assault         Tloc           26%        N/A       65%         5
 Yara's Violent Unravell  Hex/Tmut       13%        3d7       65%         5
 Starburst                Conj/Fire      13%        6d5       99%         6
 Enfeeble                 Hex            13%        N/A       100%        7
 Ignition                 Fire           13%        3d6       100%        8
 Lehudib's Crystal Spear  Conj/Erth      13%        10d4      100%        8
 Summon Horrible Things   Summ           13%        N/A       100%        8
 Sublimation of Blood     Necr           Unusable   N/A       N/A         2
 Animate Dead             Necr           Unusable   N/A       N/A         4
 Corpse Rot               Necr/Pois/Air  Unusable   N/A       N/A         4
 Ice Form                 Ice/Tmut       Unusable   N/A       N/A         4

Dungeon Overview and Level Annotations

Branches:
Dungeon (15/15)            Temple (1/1) D:4            Lair (5/5) D:9
  Swamp (1/4) Lair:3        Snake (2/4) Lair:2          Orc (2/2) D:12
    Elf (1/3) Orc:2        Depths (0/4) D:15        Gauntlet (visited)
  Slime: Lair:4-5    Vaults: D:13-14

Altars:
Ashenzari
Cheibriados
Dithmenos
Fedhas
Gozag
Hepliaklqana
Kikubaaqudgha
Makhleb
Nemelex Xobeh
Okawaru
Qazlal
Ru
Sif Muna
Trog
Uskayaw
Vehumet
Wu Jian
Xom
Yredelemnul
Jiyva

Shops:
D:4 *[===   D:10 :   D:11 ?*([!   Orc:2 ((=[?   Snake:1 ?

Portals:
Trove: D:11 (give 6 scrolls of fear)

Annotations:
D:2 exclusion: downstairs
D:3 exclusion: downstairs
D:6 3 runed translucent doors, raetorn's ghost, novice KoBr
D:10 exclusion: obsidian statue
D:15 Jorgrun
Lair:4 exclusion: oklob plant
Snake:1 Mlioglotl
Snake:2 exclusion: upstairs


Innate Abilities, Weirdness & Mutations

You are immune to poison.
Your flesh is cold resistant. (rC+)
You are immune to negative energy. (rN+++)
You are immune to unholy pain and torment.
You are vulnerable to heat. (rF-)
You are strongly in touch with the powers of death.
You do not drink.


Message History

The bolt of lightning hits you!! x2
* * * LOW HITPOINT WARNING * * *
Casting: Vampiric Draining (safe; 0% risk of failure)
Confirm with . or Enter, or press ? or * to list all spells.
You can't see any susceptible monsters within range! (Use Z to cast anyway.)
You are too injured to fight recklessly!
The deep elf zephyrmancer closely misses you.
Casting: Vampiric Draining (safe; 0% risk of failure)
Confirm with . or Enter, or press ? or * to list all spells.
Aiming: Vampiric Draining (safe; 0% risk of failure)
Press: ? - help, Shift-Dir - straight line, f - deep elf zephyrmancer
Aim: a deep elf zephyrmancer, wielding a +1 long sword of flaming and wearing a +0 leather armour You feel a huge surge of power!
You draw life force from the deep elf zephyrmancer!!
You feel life coursing into your body!
The deep elf zephyrmancer casts a spell at you.
The bolt of lightning misses you. The bolt of lightning hits you!!
* * * LOW HITPOINT WARNING * * *
Casting: Vampiric Draining (safe; 0% risk of failure)
Confirm with . or Enter, or press ? or * to list all spells.
Aiming: Vampiric Draining (safe; 0% risk of failure)
Press: ? - help, Shift-Dir - straight line, f/p - deep elf zephyrmancer
Aim: a deep elf zephyrmancer, wielding a +1 long sword of flaming and wearing a +0 leather armour (heavily wounded)
You feel a huge surge of power!
You draw life force from the deep elf zephyrmancer!
You feel life coursing into your body.
The deep elf zephyrmancer casts a spell.
The deep elf zephyrmancer blinks!
There is a staircase back to the Mines here.
You start resting.
A deep elf zephyrmancer is nearby!
A deep elf zephyrmancer is nearby!
A deep elf zephyrmancer is nearby!
A deep elf zephyrmancer is nearby!
The deep elf zephyrmancer gestures at you while chanting.
The bolt of lightning hits you!!
* * * LOW HITPOINT WARNING * * *
The bolt of lightning hits you!!
You die...
Your body crumbles into a pile of gold.

##. #.. ###
##..##@# #
#....#.# .#
#.?..#.# ..#
#....#.# ...#
...#....#.#....##
........e.$......
....e..8...8.....
.................
...#....#.#....##


You could see a deep elf zephyrmancer.

Vanquished Creatures
  Nikola (Snake:1)
  A minotaur (Gauntlet)
  A dire elephant (Lair:5)
  Erolcha (D:13)
  4 boulder beetles
  Harold (Lair:1)
  4 ogre magi (Orc:2)
  3 catoblepae
  Erica (D:8)
  4 centaur warriors
  A ghost crab (Gauntlet)
  19 two-headed ogres
  A death knight (D:14)
  6 hydras
  A deep troll shaman (Lair:5)
  6 death yaks (Lair:5)
  2 tengu warriors (D:14)
  Urug (Orc:1)
  A death scarab (Gauntlet)
  A naga sharpshooter (Snake:2)
  An orc high priest (Orc:1)
  4 skeletal warriors (D:12)
  3 deep elf pyromancers
  A wolf spider zombie (D:13)
  An orc sorcerer (Orc:2)
  An ugly thing (D:11)
  8 cyclopes
  A wolf spider (D:15)
  7 slime creatures
  9 centaur zombies (D:13)
  3 salamanders
  4 elephants
  2 gargoyles (D:11)
  A torpor snail (Lair:4)
  11 black mambas
  9 cane toads
  Maggie (D:8)
  A tengu conjurer (D:13)
  10 komodo dragons
  3 rime drakes
  11 trolls
  A hornet (D:10)
  3 polar bears
  6 blink frogs
  3 meliai zombies (D:13)
  10 flying skulls (Gauntlet)
  3 shadows
  66 yaks
  A wraith (D:10)
  5 wyverns
  A centaur simulacrum (D:14)
  4 vampires
  5 humans (D:9)
  2 basilisks
  A spectral komodo dragon (Gauntlet)
  9 vampire mosquitoes
  3 nagas (Snake:1)
  13 water moccasins
  An acid dragon (D:11)
  11 orc warriors
  A sky beast (D:7)
  2 black bears
  15 wolves
  33 ogres
  5 centaurs
  A phantom (D:5)
  3 kobold brigands
  10 bullfrogs
  A gnoll sergeant (D:4)
  7 necrophages
  3 scorpions
  13 wights
  20 killer bees
  2 electric eels (D:10)
  7 howler monkeys
  A hound (D:5)
  A gnoll bouda (D:9)
  4 orc priests
  14 orc wizards
  A boggart zombie (D:13)
  2 iguanas
  14 gnolls
  4 adders
  17 white imps
  2 worms
  47 orcs
  3 ball pythons
  4 endoplasms
  2 giant cockroaches
  A goblin (D:1)
  2 hobgoblins (D:1)
  2 jackals (D:3)
  3 quokkas
  2 bats
  3 frilled lizards (D:1)
  15 kobolds
  4 rats
571 creatures vanquished.

Vanquished Creatures (collateral kills)
  Snorg (Lair:4)
  A gargoyle (D:13)
  An ogre (Orc:2)
  An adder (D:2)
  An ufetubus (D:6)
  A bat (D:1)
6 creatures vanquished.

Vanquished Creatures (others)
  A basilisk (D:14)
  A bush (Lair:5)
  32 fungi
  43 plants
77 creatures vanquished.

Grand Total: 654 creatures vanquished

Notes
Turn   | Place    | Note
-------+----------+-------------------------------------------
     0 | D:1      | 112233 the Mummy Necromancer began the quest for the Orb.
     0 | D:1      | Reached XP level 1. HP: 13/13 MP: 4/4
   241 | D:1      | Reached XP level 2. HP: 18/19 MP: 1/6
   409 | D:1      | Found a faded altar of an unknown god.
   767 | D:2      | Gained mutation: You are in touch with the powers of death.
                  | [Mummy growth]
   767 | D:2      | Reached XP level 3. HP: 23/24 MP: 8/8
   778 | D:2      | Learned a level 3 spell: Vampiric Draining
   926 | D:2      | Found a bloodstained altar of Trog.
   950 | D:3      | Noticed a scorpion
  1147 | D:3      | Identified the +6 quarterstaff of the Hurting Asp {vorpal,
                  | *Corrode rN+ Int+2}
  1236 | D:3      | Killed a scorpion
  1237 | D:3      | Reached skill level 5 in Spellcasting
  1237 | D:3      | Reached XP level 4. HP: 29/30 MP: 11/11
  1451 | D:3      | Identified the +1 robe "Miokleli" {rF+ rC- rCorr}
  1464 | D:4      | Found a shadowy altar of Dithmenos.
  1466 | D:4      | Noticed a gnoll sergeant
  1556 | D:4      | Found Nowiell's Jewellery Boutique.
  1618 | D:5      | Entered Level 5 of the Dungeon
  1657 | D:5      | Reached XP level 5. HP: 35/35 MP: 13/13
  1830 | D:5      | Noticed an ogre
  1841 | D:5      | Killed an ogre
  1842 | D:5      | Reached XP level 6. HP: 23/41 MP: 11/17
  1984 | D:5      | Found a bloodstained altar of Trog.
  2198 | D:5      | Learned a level 4 spell: Dispel Undead
  2205 | D:5      | Learned a level 4 spell: Animate Dead
  2478 | D:5      | Reached XP level 7. HP: 46/46 MP: 19/19
  2943 | D:4      | Found Ynoegrau's Jewellery Boutique.
  2968 | D:4      | Found Xiomedya's Jewellery Shop.
  2970 | D:4      | Found a blossoming altar of Fedhas.
  2975 | D:4      | Found a hazy altar of Hepliaklqana.
  2977 | D:4      | Found a basalt altar of Yredelemnul.
  3103 | D:4      | Found a radiant altar of Vehumet.
  3105 | D:4      | Found a hide-covered altar of Uskayaw.
  3233 | D:4      | Found Inlir's Antique Weapon Emporium.
  3254 | D:4      | Found a staircase to the Ecumenical Temple.
  3275 | Temple   | Entered the Ecumenical Temple
  3423 | Temple   | Became a worshipper of Gozag Ym Sagoz the Greedy
  3524 | D:4      | Found Tainweon's Neck Hole.
  3608 | D:4      | Found Qusumag's Antique Armour Shop.
  3613 | D:4      | Bought an embroidered robe for 85 gold pieces
  3994 | D:1      | Reached skill level 10 in Spellcasting
  4564 | D:6      | Found a runed translucent gate.
  4564 | D:6      | Found a runed translucent gate.
  4564 | D:6      | Found a runed translucent gate.
  4564 | D:6      | Noticed a two-headed ogre
  4565 | D:6      | Noticed raetorn's ghost (novice KoBr)
  4665 | D:6      | Reached skill level 1 in Fighting
  4809 | D:6      | Noticed a boulder beetle
  4929 | D:7      | Reached XP level 8. HP: 48/54 MP: 22/22
  4976 | D:6      | Reached skill level 5 in Necromancy
  5236 | D:7      | Found a sacrificial altar of Ru.
  5690 | D:8      | Noticed Erica
  5698 | D:8      | Killed Erica
  5820 | D:8      | Noticed Maggie
  5863 | D:8      | Reached XP level 9. HP: 64/64 MP: 20/24
  6609 | D:8      | Found a burning altar of Makhleb.
  6618 | D:8      | Found an ancient bone altar of Kikubaaqudgha.
  6713 | D:8      | Killed Maggie
  6714 | D:8      | Reached skill level 5 in Fighting
  7037 | D:9      | Reached XP level 10. HP: 74/74 MP: 24/25
  7346 | D:9      | Reached skill level 5 in Dodging
  7712 | D:9      | Identified the +3 sling of Conservatism {vorpal, rC+ Dex-5
                  | Stlth+}
  7965 | D:9      | Reached skill level 10 in Necromancy
  8269 | D:9      | Found a staircase to the Lair.
  8455 | D:9      | Identified a scroll of acquirement
  8456 | D:9      | Acquired the +0 hat of Feral Amelioration {Rampage}
  8493 | D:10     | Entered Level 10 of the Dungeon
  8513 | D:10     | Found a sparkling altar of Nemelex Xobeh.
  8587 | D:10     | Noticed a two-headed ogre
  8591 | D:10     | Noticed a gargoyle
  8603 | D:10     | Killed a two-headed ogre
  8604 | D:10     | Reached XP level 11. HP: 27/83 MP: 13/27
  9555 | D:10     | Noticed an obsidian statue
  9955 | D:10     | Found Zibibuuk's Book Boutique.
  9976 | D:10     | Bought a book of Spatial Translocations for 390 gold pieces
 10220 | Lair:1   | Entered Level 1 of the Lair of Beasts
 10311 | Lair:1   | Reached skill level 1 in Staves
 11170 | Lair:1   | Noticed Harold
 11177 | Lair:1   | Killed Harold
 11994 | Lair:2   | Found a staircase to the Snake Pit.
 12001 | Lair:2   | Learned a level 5 spell: Agony
 12004 | Lair:2   | Learned a level 2 spell: Blink
 12732 | Lair:2   | Reached XP level 12. HP: 87/92 MP: 20/29
 13490 | Lair:3   | Found a gate leading to a gauntlet.
 13499 | Gauntlet | Entered a Gauntlet
 13499 | Gauntlet | Found a transporter.
 13499 | Gauntlet | Found a transporter.
 13530 | Gauntlet | Found a transporter.
 13548 | Gauntlet | Found a transporter.
 13548 | Gauntlet | Found a transporter.
 13548 | Gauntlet | Found a transporter.
 13550 | Gauntlet | Found a transporter.
 13550 | Gauntlet | Found a transporter.
 13552 | Gauntlet | Noticed a death scarab
 13555 | Gauntlet | Noticed a death scarab
 13562 | Gauntlet | Found a transporter.
 13578 | Gauntlet | Found a transporter.
 13581 | Gauntlet | Noticed a ghost crab
 13585 | Gauntlet | Noticed a death yak
 13585 | Gauntlet | Noticed a death yak
 13585 | Gauntlet | Noticed a death yak
 13585 | Gauntlet | Noticed a death yak
 13586 | Gauntlet | Found a runed translucent door.
 13586 | Gauntlet | Noticed a death yak
 13588 | Gauntlet | Found a transporter.
 13590 | Gauntlet | Found a runed translucent door.
 13604 | Gauntlet | Found a transporter.
 13625 | Gauntlet | Found a transporter.
 13637 | Gauntlet | Found a transporter.
 13638 | Gauntlet | Noticed a death scarab
 13669 | Gauntlet | Killed a death scarab
 13755 | Gauntlet | Identified the +0 helmet of Absolutism {MP+9 SInv}
 13937 | Gauntlet | Killed a ghost crab
 13975 | Gauntlet | Identified the +2 hat "Xaus" {rN+ Dex+2}
 13994 | Gauntlet | Noticed a minotaur
 14244 | Gauntlet | Killed a minotaur
 14412 | Gauntlet | Got Veegerac's Octavo of the Numb Swarm
 14427 | Lair:3   | Found a shimmering altar of Xom.
 15124 | Lair:3   | Found a staircase to the Swamp.
 16395 | Lair:4   | Noticed Snorg
 16405 | Lair:4   | Killed Snorg
 16489 | Lair:4   | Gained mutation: You are strongly in touch with the powers
                  | of death. [Mummy growth]
 16489 | Lair:4   | Reached XP level 13. HP: 100/100 MP: 30/31
 16762 | Lair:4   | Found a viscous altar of Jiyva.
 17437 | Lair:5   | Entered Level 5 of the Lair of Beasts
 18025 | D:11     | Found Hethriff's Antique Armour Shoppe.
 18279 | D:11     | Bought a glowing robe for 107 gold pieces
 18404 | D:11     | Found a portal to a secret trove of treasure.
 18429 | D:11     | Reached skill level 5 in Staves
 18781 | D:11     | Found Hotiat's Assorted Antiques.
 18797 | D:11     | Bought a box of beasts for 1120 gold pieces
 18803 | D:11     | Found Motut's Magic Scroll Shoppe.
 18816 | D:11     | Found Yhakilux's Antique Weapon Shop.
 19645 | D:11     | Found Kula Muf's Distillery.
 19907 | D:12     | Found a broken altar of Ashenzari.
 19941 | D:12     | Reached skill level 15 in Spellcasting
 20245 | D:12     | Identified the +1 robe "Rigumoedd" {Rampage Drain rN+++
                  | SInv}
 20414 | D:12     | Found a staircase to the Orcish Mines.
 21010 | D:12     | Identified the +1 robe of Autumn {rC++ rCorr}
 21910 | D:13     | Reached XP level 14. HP: 90/109 MP: 18/33
 21913 | D:13     | Reached skill level 10 in Fighting
 22306 | D:13     | Found a basalt altar of Yredelemnul.
 22717 | D:13     | Noticed Erolcha
 22723 | D:13     | Killed Erolcha
 23090 | Orc:1    | Entered Level 1 of the Orcish Mines
 23473 | Orc:1    | Reached skill level 15 in Necromancy
 23700 | Orc:2    | Entered Level 2 of the Orcish Mines
 23866 | Orc:2    | Noticed Urug
 24140 | Orc:1    | Killed Urug
 24681 | Orc:2    | Found a staircase to the Elven Halls.
 26500 | Orc:2    | Found Woocy's Jewellery Emporium.
 26501 | Orc:2    | Found Suasusel's Armour Shop.
 26532 | Orc:2    | Found Henkacae's Weapon Emporium.
 26532 | Orc:2    | Found Zedeelat's Antique Weapon Boutique.
 27942 | D:15     | Entered Level 15 of the Dungeon
 27943 | D:15     | Noticed Jorgrun
 28078 | D:14     | Reached XP level 15. HP: 103/118 MP: 35/35
 28437 | D:15     | Found a staircase to the Depths.
 30943 | Lair:5   | Acquired the +0 pair of fencer's gloves {Riposte Dex+3}
 30943 | Lair:5   | Found the +0 pair of fencer's gloves {Riposte Dex+3}
 31330 | Lair:5   | Learned a level 2 spell: Passwall
 31953 | Lair:5   | Reached skill level 10 in Dodging
 32042 | Lair:5   | Identified the +2 pair of gloves "Pougan" {-Cast rN+ Dex+2}
 32814 | Orc:2    | Bought a scroll of butterflies for 64 gold pieces
 32814 | Orc:2    | Bought a scroll of amnesia for 64 gold pieces
 32936 | D:11     | Bought a scroll of fear for 72 gold pieces
 32936 | D:11     | Bought a scroll of poison for 72 gold pieces
 32936 | D:11     | Bought a scroll of poison for 72 gold pieces
 32936 | D:11     | Bought a scroll of teleportation for 54 gold pieces
 33473 | D:6      | Acquired a staff of death
 33594 | Snake:1  | Entered Level 1 of the Snake Pit
 33626 | Snake:1  | Bought a scroll of teleportation for 42 gold pieces
 33626 | Snake:1  | Bought a scroll of immolation for 56 gold pieces
 33680 | Snake:1  | Noticed Nikola
 33690 | Snake:1  | Killed Nikola
 34036 | Snake:1  | Reached skill level 1 in Evocations
 34182 | Snake:1  | Noticed Mlioglotl
 34190 | Snake:1  | Noticed a tentacled starspawn
 34643 | Swamp:1  | Entered Level 1 of the Swamp
 35319 | Elf:1    | Entered Level 1 of the Elven Halls
 35330 | Elf:1    | Reached skill level 1 in Shields
 35547 | Elf:1    | Killed from afar by a deep elf zephyrmancer

Illustrated notes

Levels and vault maps discovered:
D:1:      onia_arrival_handbag, layout_basic,
          shapermc_ecumenical_altar_acropolis
D:2:      layout_rooms, basic_altar, kennysheep_donut, serial_bayou_pond_e,
          hex_tiny
D:3:      layout_basic
D:4:      layout_basic, mainiacjoe_overflow_tiny_flanked,
          grunt_temple_overflow_open, minmay_temple_entry_junction,
          serial_rivers, chequers_serial_rivers_micro_a,
          chequers_serial_rivers_large_b, chequers_serial_rivers_micro_d,
          chequers_serial_rivers_room_a, chequers_serial_rivers_room_a,
          chequers_serial_rivers_micro_c, serial_shops,
          nicolae_shop_hallway_plus, nicolae_square_shop, shop_statue,
          nicolae_square_shop, nicolae_square_shop, grunt_decor_clamped,
          nicolae_shop_sticking_my_neck_out
D:5:      layout_rooms, mainiacjoe_overflow_brackets, serial_rivers,
          chequers_serial_rivers_small_3, chequers_serial_rivers_room_a,
          chequers_serial_rivers_room_a, chequers_serial_rivers_small_b,
          chequers_serial_rivers_micro_c, chequers_serial_rivers_small_b,
          kennysheep_generic_room_9
D:6:      layout_rooms, gammafunk_ghost_split, minmay_misc_feat_columns
D:7:      layout_rooms, nicolae_ru_sacrificial_ziggurat
D:8:      layout_basic, mainiacjoe_overflow_swirl, uniq_erica, uniq_maggie
D:9:      layout_roguey, dpeg_oklobed_lair, minmay_ruffians
D:10:     layout_basic, mainiacjoe_overflow_concentric_impassable, serial_shops,
          shop, st_stairs_5, minivault_16, eino_small_chamber_without_monster
D:11:     layout_loops_ring, serial_shops, shop_scrolls, shop_statue,
          nicolae_shop_overgrown_old_shop, shop_fountains, shop, enter_trove_1
D:12:     layout_cave_pods, david_orc_2, evilmike_ruin_ashenzari
D:13:     layout_roguey, nicolae_yredelemnul_corpse_copse, uniq_erolcha
D:14:     layout_basic, david_vaults_5, minmay_misc_feat_x,
          amcnicky_mini_rare_corridor_liquid
D:15:     gammafunk_depths_entry_grave, layout_cave_pools,
          okawaru_ov_weapons_minmay, uniq_jorgrun, uniq_kirke
Temple:   chequers_temple_sunken
Lair:1:   layout_cave_shapes, cheibrodos_lair_caveside_slide, minivault_24,
          uniq_harold
Lair:2:   layout_loops_ring, dummy_snake_entry, nzn_random_ring,
          grunt_megastairs_3
Lair:3:   layout_cave_pods, swamp_mist, gauntlet_entry_generic, basic_altar,
          portal_ice_cave_entry_imps
Lair:4:   layout_cave_pods, minmay_slime_entry_oklob_enclosed, minivault_24,
          roderic_carrion_pond, infiniplex_staircase_pool_2, grunt_megastairs_2,
          uniq_snorg
Lair:5:   grunt_lair_end_beastmaster, layout_regular_city, grunt_megastairs_5
Swamp:1:  layout_falls_marsh, ebering_ghost_inner_flame,
          evilmike_swamp_ruin_rubble_1, swamp_pool5
Snake:1:  layout_basic, uniq_nikola, uniq_frances, uniq_mlioglotl
Snake:2:  layout_cave_shapes, nicolae_shop_self_help, uniq_agnes
Orc:1:    layout_caves
Orc:2:    st_orc_ogre_mass, layout_diamond_mine, uniq_urug
Elf:1:    eino_elf_arrival_shootout, layout_loops_ring,
          portal_desolation_entry_garden, minmay_elf_demonology, uniq_zenata

Skill      XL: |  1  2  3  4  5  6  7  8  9 10 11 12 13 14 15 |
---------------+----------------------------------------------+-----
Spellcasting   | 3 4 5 6 8 9 10 11 12 13 14 15 16 | 16.8
Fighting       | 1 3 5 6 7 8 9 11 | 11.6
Dodging        | 2 3 4 5 6 7 8 9 10 | 10.1
Necromancy     | 6 8 10 11 13 14 15 16 | 16.8
Staves         | 2 4 6 7 |  7.9
Evocations     | 1 |  1.2
Shields        | 1 |  1.0
Stealth        | |  1.6

Action                   |  1- 3 |  4- 6 |  7- 9 | 10-12 | 13-15 || total
-------------------------+-------+-------+-------+-------+-------++-------
Melee: Whip              |     1 |       |       |       |       ||     1
       Quarterstaff      |       |     4 |   102 |   204 |   329 ||   639
       Lajatang          |       |       |       |       |     9 ||     9
       Staff             |       |       |       |       |     4 ||     4
 Cast: Necrotise         |    49 |    51 |    33 |    56 |    15 ||   204
       Vampiric Draining |       |    11 |    60 |   278 |   641 ||   990
       Dispel Undead     |       |     2 |     9 |    23 |    55 ||    89
       Animate Dead      |       |     2 |       |       |       ||     2
       Blink             |       |       |       |     1 |     5 ||     6
       Agony             |       |       |       |       |    44 ||    44
Invok: Potion Petition   |       |       |       |     4 |     8 ||    12
       Call Merchant     |       |       |       |       |     2 ||     2
Evoke: Wand              |       |       |       |    13 |     3 ||    16
       Phantom mirror    |       |       |       |     1 |     5 ||     6
       Box of beasts     |       |       |       |       |     3 ||     3
  Use: Scroll            |       |       |       |    22 |    16 ||    38
 Stab: Sleeping          |       |       |       |     1 |     2 ||     3
       Invisible         |       |       |       |       |     2 ||     2
       Distracted        |       |       |       |       |     4 ||     4
       Petrified         |       |       |       |       |     5 ||     5
Armor: Robe              |     3 |     7 |    55 |   123 |   241 ||   429
Dodge: Dodged            |     8 |    13 |    80 |   344 |   757 ||  1202
Block: Other             |     1 |     6 |    23 |   120 |   238 ||   388
       Reflection        |       |       |     1 |     4 |     5 ||    10
